[Event "ICCopen2017"]
[Site "Internet Chess Club"]
[Date "2017.03.25"]
[Round "6"]
[White "Dupinpon"]
[Black "Jesus"]
[Result "0-1"]
[ICCResult "White resigns"]
[WhiteElo "1621"]
[BlackElo "1871"]
[Opening "Ruy Lopez: Marshall, Herman Steiner variation"]
[ECO "C89"]
[NIC "RL.17"]
[Time "15:05:53"]
[TimeControl "180+0"]

1. e4 e5 2. Nf3 Nc6 3. Bb5 a6 4. Ba4 Nf6 5. O-O Be7 6. Re1 b5 7. Bb3 O-O 8.
c3 d5 9. exd5 e4 10. dxc6 exf3 11. Qxf3 Bg4 12. Qg3 Bd6 13. Qh4 Re8 14. Re3
Bf4 15. Rxe8+ Qxe8 16. f3 g5 17. Qf2 Be6 18. Bxe6 Qxe6 19. Na3 Re8 20. d4
Nd5 21. Nc2 Qxc6 22. g3 Bxc1 23. Rxc1 Qc4 24. Re1 Rxe1+ 25. Qxe1 Qxa2 26.
Qe8+ Kg7 27. Qe5+ f6 28. Qe4 Qxb2 29. Qxd5 Qc1+ 30. Kg2 Qxc2+ 31. Kh3 Qxc3
32. Qd7+ Kf8 33. Qc8+ Ke7 34. Qxa6 Qc4 35. Qa3+ Kf7 36. g4 Qxd4 37. Qc1 Qc4
38. Qe1 b4 39. Qb1 Kg7 40. Qf5 Qd4 41. Qd7+ Qxd7 {White resigns} 0-1

[Event "ICCopen2017"]
[Site "Internet Chess Club"]
[Date "2017.03.25"]
[Round "6"]
[White "kaimann"]
[Black "Rari"]
[Result "0-1"]
[ICCResult "White resigns"]
[WhiteElo "1867"]
[BlackElo "1829"]
[Opening "Benko's opening"]
[ECO "A00"]
[NIC "VO.09"]
[Time "15:06:51"]
[TimeControl "180+0"]

1. g3 d5 2. Bg2 c6 3. d3 Bg4 4. Nd2 Nd7 5. h3 Bh5 6. Ngf3 e5 7. e4 Bc5 8.
O-O Ne7 9. g4 Bg6 10. exd5 Nxd5 11. Nc4 f6 12. d4 exd4 13. Nxd4 Bxd4 14.
Qxd4 O-O 15. Bxd5+ cxd5 16. Qxd5+ Kh8 17. c3 Nb6 18. Nxb6 Qxb6 19. Qb3 Qc7
20. Be3 h5 21. Qb4 a5 22. Qf4 Qxf4 23. Bxf4 hxg4 24. hxg4 a4 25. b3 Rfc8 26.
c4 axb3 27. axb3 Bc2 28. Rxa8 Rxa8 29. b4 Rc8 30. c5 Rd8 31. Rc1 Be4 32. b5
Bf3 33. g5 fxg5 34. Bxg5 Rd5 35. Be3 Rh5 {White resigns} 0-1

[Event "ICCopen2017"]
[Site "Internet Chess Club"]
[Date "2017.03.25"]
[Round "6"]
[White "iamGodskid"]
[Black "sanguine"]
[Result "1-0"]
[ICCResult "Black checkmated"]
[WhiteElo "1309"]
[BlackElo "1017"]
[Opening "Mieses opening"]
[ECO "A00"]
[NIC "VO.13"]
[Time "15:06:43"]
[TimeControl "180+0"]

1. d3 e5 2. g3 Nc6 3. Bg2 Bc5 4. Nf3 Bxf2+ 5. Kxf2 Nf6 6. Rf1 e4 7. dxe4
Nxe4+ 8. Kg1 Qf6 9. Nfd2 Qd4+ 10. Kh1 Nf2+ 11. Rxf2 Qxf2 12. Ne4 Qf5 13. Bf4
O-O 14. Nbc3 d5 15. Nf2 d4 16. Nce4 Be6 17. b3 Rad8 18. Qe1 d3 19. exd3 Nd4
20. Qc1 Ne2 21. Qb2 Nxf4 22. gxf4 Qxf4 23. Rf1 f5 24. Nh3 Qg4 25. Neg5 Bd5
26. Bxd5+ Rxd5 27. Ne6 Qe2 28. Rg1 Qxe6 29. Qxg7# {Black checkmated} 1-0

[Event "ICCopen2017"]
[Site "Internet Chess Club"]
[Date "2017.03.25"]
[Round "6"]
[White "FGM21"]
[Black "Zephyr"]
[Result "1-0"]
[ICCResult "Black resigns"]
[WhiteElo "1933"]
[BlackElo "1523"]
[Opening "French: Winawer, Petrosian variation"]
[ECO "C16"]
[NIC "FR.09"]
[Time "15:05:24"]
[TimeControl "180+0"]

1. e4 e6 2. d4 d5 3. Nc3 Bb4 4. e5 Qd7 5. a3 Bf8 6. f4 h5 7. Nf3 b6 8. Bd3
Ba6 9. O-O Bxd3 10. cxd3 Nh6 11. b4 Nf5 12. Qe1 Nc6 13. Be3 g6 14. Rf2 Bh6
15. Rc1 Nce7 16. Rfc2 Rc8 17. a4 c6 18. b5 O-O 19. h3 h4 20. Nxh4 Nxh4 21.
Qxh4 Kg7 22. g4 Rh8 23. Qg3 Kh7 24. Rf2 Rcg8 25. bxc6 Nxc6 26. Nb5 Nb4 27.
Rc7 Qe8 28. Nd6 Qd8 29. Rxf7+ Rg7 30. f5 Bxe3 31. fxg6+ Kxg6 32. Qxe3 Qh4
33. R2f6+ Kh7 34. Rxe6 Rxf7 35. Nxf7 Kg7 36. Nd6 Qxh3 37. Qg5+ {Black
resigns} 1-0

[Event "ICCopen2017"]
[Site "Internet Chess Club"]
[Date "2017.03.25"]
[Round "6"]
[White "betterone76"]
[Black "julkat-ch"]
[Result "0-1"]
[ICCResult "White checkmated"]
[WhiteElo "1531"]
[BlackElo "1833"]
[Opening "Nimzo-Indian: Romanishin-Kasparov (Steiner) system"]
[ECO "E20"]
[NIC "NI.29"]
[Time "15:05:17"]
[TimeControl "180+0"]

1. d4 Nf6 2. c4 e6 3. Nc3 Bb4 4. g3 Bxc3+ 5. bxc3 d6 6. Bg2 O-O 7. e4 e5 8.
Ne2 Nc6 9. O-O Bg4 10. Bg5 h6 11. Be3 Qe7 12. h3 Bd7 13. f4 exf4 14. Nxf4
Rae8 15. Qd3 Qd8 16. d5 Ne5 17. Qe2 Qc8 18. Kh2 b6 19. Nh5 Nxh5 20. Qxh5
Nxc4 21. Bxh6 Re5 22. Qe2 Bb5 23. Bc1 Na3 24. Qg4 Bxf1 25. Qxc8 Rxc8 26.
Bxa3 Bxg2 27. Kxg2 Rxe4 28. Rf1 Rce8 29. Bc1 Re2+ 30. Kg1 Rxa2 31. Bf4 Ree2
32. Rc1 Rg2+ 33. Kh1 Rh2+ 34. Kg1 Rag2+ 35. Kf1 a5 36. c4 Rf2+ 37. Kg1 a4
38. Ra1 Ra2 39. Re1 Rhg2+ 40. Kh1 a3 41. Re8+ Kh7 42. Re1 Rae2 43. Ra1 a2
44. g4 Rb2 45. Bc1 Rh2+ 46. Kg1 Rbg2+ 47. Kf1 Rc2 48. Bf4 Rh1#
{White checkmated}
0-1

[Event "ICCopen2017"]
[Site "Internet Chess Club"]
[Date "2017.03.25"]
[Round "6"]
[White "vicmel"]
[Black "tolialuisan"]
[Result "1-0"]
[ICCResult "Black forfeits on time"]
[WhiteElo "1820"]
[BlackElo "1517"]
[Opening "French: Winawer, advance, poisoned pawn variation"]
[ECO "C18"]
[NIC "FR.11"]
[Time "15:05:15"]
[TimeControl "180+0"]

1. e4 e6 2. d4 d5 3. Nc3 Bb4 4. e5 c5 5. a3 Bxc3+ 6. bxc3 Ne7 7. Qg4 Nbc6 8.
Qxg7 Rg8 9. Qxh7 cxd4 10. f4 Qa5 11. Ne2 dxc3 12. Qd3 d4 13. Nxd4 Nxd4 14.
Qxd4 Bd7 15. Qb4 Qxb4 16. axb4 Nd5 17. Rb1 Ba4 18. Bd3 Rxg2 19. Kf1 Rg4 20.
Rg1 Rxg1+ 21. Kxg1 O-O-O 22. Kf2 Rh8 23. Kg3 a6 24. b5 axb5 25. Bxb5 Bxc2
26. Ra1 Rg8+ 27. Kf3 Ne7 28. Ra8+ Kc7 29. Rxg8 Nxg8 30. h4 Ne7 31. h5 Nf5
32. Be8 Kb6 33. Bxf7 Nd4+ 34. Kf2 Nb3 35. Be3+ Kb5 36. Bg6 Bxg6 37. hxg6
{Black forfeits on time}
1-0

[Event "ICCopen2017"]
[Site "Internet Chess Club"]
[Date "2017.03.25"]
[Round "6"]
[White "tirandopiezas"]
[Black "Teoretik"]
[Result "1-0"]
[ICCResult "Black resigns"]
[WhiteElo "2028"]
[BlackElo "1689"]
[Opening "Sicilian: accelerated fianchetto, modern variation with Bc4"]
[ECO "B35"]
[NIC "SI.31"]
[Time "15:07:10"]
[TimeControl "180+0"]

1. e4 c5 2. Nf3 Nc6 3. Nc3 g6 4. d4 cxd4 5. Nxd4 Bg7 6. Be3 Nf6 7. Bc4 Na5
8. Bd3 d6 9. f3 O-O 10. Qd2 Bd7 11. Bh6 Rc8 12. h4 Nc4 13. Bxc4 Rxc4 14.
Bxg7 Kxg7 15. O-O-O Qb6 16. Nde2 Rfc8 17. g4 a5 18. e5 dxe5 19. g5 Nd5 20.
Qxd5 Be6 21. Qxe5+ Kg8 22. h5 Rb4 23. h6 f6 24. Qd4 Rxb2 25. gxf6 exf6 26.
Qxb6 Rxb6 27. Rh4 Rbc6 28. Rd3 Bc4 29. Re3 Bxe2 30. Nxe2 Rxc2+ 31. Kd1 Rc1+
32. Nxc1 {Black resigns} 1-0

[Event "ICCopen2017"]
[Site "Internet Chess Club"]
[Date "2017.03.25"]
[Round "6"]
[White "blunder23"]
[Black "chess222"]
[Result "1/2-1/2"]
[ICCResult "White ran out of time and Black has no material to mate"]
[WhiteElo "1451"]
[BlackElo "1811"]
[Opening "Caro-Kann: Panov-Botvinnik attack, 5...e6"]
[ECO "B14"]
[NIC "CK.02"]
[Time "15:05:15"]
[TimeControl "180+0"]

1. e4 c6 2. d4 d5 3. exd5 cxd5 4. c4 e6 5. Nc3 Nf6 6. a3 Nc6 7. Bg5 Be7 8.
Nf3 O-O 9. Bd3 dxc4 10. Bxc4 a6 11. Bb3 b5 12. Qd3 Bb7 13. Bc2 g6 14. h4 Rc8
15. h5 Na5 16. hxg6 hxg6 17. Ne5 Rxc3 18. bxc3 Be4 19. Qh3 Nh5 20. Bxe4 Bxg5
21. Bxg6 fxg6 22. Nxg6 Rf5 23. O-O Qf6 24. Ne5 Nf4 25. Qg4 Nc4 26. Nxc4 bxc4
27. Rab1 Kg7 28. Rb7+ Kg6 29. g3 Nd3 30. f4 Nxf4 31. Rxf4 Rxf4 32. gxf4 Qxf4
33. Qxf4 Bxf4 34. Rb6 Kf5 35. Rxa6 Bd2 36. Rc6 Bxc3 37. Rxc4 Bd2 38. a4 Ke4
39. Kg2 Kd5 40. Rc5+ Kxd4 41. Rc6 e5 42. Re6 e4 43. Rxe4+ Kxe4 44. Kg3 Kd5
45. Kg4 Kc6 46. Kf5 Be1 47. Ke4 Kb6 48. Kd3 Ka5 49. Kc4 Bh4 50. Kd5 Bf2 51.
Kc6 Be1 52. Kd7 Bc3 53. Ke6 Bd2 54. Kf7 Be1 55. Kg6 Bf2 56. Kf5 Be1 57. Ke6
Bb4 58. Kd5 Ba3 59. Kc4 Bc1 60. Kb3 Bh6 61. Kc2 Bg7
{White ran out of time and Black has no material to mate}
1/2-1/2

[Event "ICCopen2017"]
[Site "Internet Chess Club"]
[Date "2017.03.25"]
[Round "6"]
[White "presbyter4"]
[Black "KoolMan"]
[Result "1-0"]
[ICCResult "Black checkmated"]
[WhiteElo "1802"]
[BlackElo "2023"]
[Opening "King's Indian: Kazakh variation"]
[ECO "E91"]
[NIC "KI.19"]
[Time "15:05:32"]
[TimeControl "180+0"]

1. d4 Nf6 2. c4 g6 3. Nc3 Bg7 4. e4 d6 5. Nf3 O-O 6. Be2 Na6 7. O-O e5 8.
Be3 Ng4 9. Bg5 Qe8 10. dxe5 dxe5 11. Qd5 c6 12. Qd1 h6 13. Bh4 Nc5 14. Qd6
Ne6 15. Be7 Nd4 16. h3 Nxe2+ 17. Nxe2 Nf6 18. Bxf6 Be6 19. Bxg7 Kxg7 20.
Qxe5+ f6 21. Qc3 c5 22. Nf4 Bf7 23. Nd5 Bxd5 24. exd5 Qd7 25. Rae1 Rae8 26.
Rxe8 Rxe8 27. Re1 Rxe1+ 28. Qxe1 h5 29. g3 Qxh3 30. Qe7+ Kh6 31. Qxf6 Qd7
32. Qg5+ Kg7 33. Ne5 Qd6 34. f4 a6 35. g4 hxg4 36. Qxg4 Qf6 37. Nd7 Qxb2 38.
Qe6 Qc1+ 39. Kg2 Qc2+ 40. Kf3 Qd3+ 41. Kg4 Qd1+ 42. Kg3 Qg1+ 43. Kf3 Qf1+
44. Kg3 Qg1+ 45. Kf3 Qd1+ 46. Kg3 Qh5 47. Qf6+ Kg8 48. Qf8+ Kh7 49. Nf6#
{Black checkmated}
1-0

[Event "ICCopen2017"]
[Site "Internet Chess Club"]
[Date "2017.03.25"]
[Round "6"]
[White "wolfshead"]
[Black "alejandrorios"]
[Result "0-1"]
[ICCResult "White resigns"]
[WhiteElo "1707"]
[BlackElo "1959"]
[Opening "Sicilian: wing gambit deferred"]
[ECO "B50"]
[NIC "SI.01"]
[Time "15:06:35"]
[TimeControl "180+0"]

1. e4 c5 2. Nf3 d6 3. b4 cxb4 4. d4 e6 5. Bd3 Be7 6. O-O Nc6 7. Qe2 Nf6 8.
a3 bxa3 9. Nxa3 a6 10. Rd1 Rb8 11. c4 b6 12. e5 Nd7 13. exd6 Bxd6 14. d5
Nce5 15. dxe6 fxe6 16. Nxe5 Nxe5 17. Bb2 Qc7 18. Bxe5 Bxe5 19. Qh5+ g6 20.
Bxg6+ hxg6 21. Qxg6+ Ke7 22. c5 Bxa1 23. Rxa1 Qxh2+ 24. Kf1 Qh1+ 25. Ke2
Qxa1 {White resigns} 0-1

[Event "ICCopen2017"]
[Site "Internet Chess Club"]
[Date "2017.03.25"]
[Round "6"]
[White "gannikus1992"]
[Black "lagarto300"]
[Result "1-0"]
[ICCResult "Black checkmated"]
[WhiteElo "2425"]
[BlackElo "1974"]
[Opening "Ruy Lopez (Spanish opening)"]
[ECO "C60"]
[NIC "RL.01"]
[Time "15:06:31"]
[TimeControl "180+0"]

1. e4 e5 2. Nf3 Nc6 3. Bb5 b6 4. O-O Bb7 5. Bxc6 Bxc6 6. Nxe5 Bb7 7. Nc3 d6
8. Nf3 g6 9. d4 Bg7 10. Bg5 Ne7 11. Nd5 Bxd5 12. exd5 O-O 13. Re1 f6 14. Bd2
Nxd5 15. c4 Ne7 16. Qe2 Nf5 17. g4 Nh6 18. Bxh6 Bxh6 19. d5 Re8 20. Qxe8+
Qxe8 21. Rxe8+ Rxe8 22. Re1 Rxe1+ 23. Nxe1 Kf7 24. Kf1 Ke7 25. Ke2 Kd7 26.
Kd3 c6 27. Nf3 Bf4 28. h3 a6 29. b3 b5 30. Nd4 bxc4+ 31. Kxc4 cxd5+ 32. Kxd5
Be5 33. Nc6 Bc3 34. Nb8+ Kc7 35. Nxa6+ Kb6 36. Kc4 Be1 37. Nb4 Bxf2 38. Nd5+
Kc6 39. Nxf6 Bh4 40. Nd5 Bd8 41. a4 h5 42. b4 hxg4 43. hxg4 Kd7 44. a5 Kc6
45. b5+ Kd7 46. a6 Kc8 47. b6 Kb8 48. Kb5 Bh4 49. Kc6 Bg3 50. a7+ Ka8 51.
Nc7# {Black checkmated} 1-0

[Event "ICCopen2017"]
[Site "Internet Chess Club"]
[Date "2017.03.25"]
[Round "6"]
[White "fiume"]
[Black "vishweshk"]
[Result "1-0"]
[ICCResult "Black checkmated"]
[WhiteElo "1926"]
[BlackElo "1682"]
[Opening "French: Steinitz, Boleslavsky variation"]
[ECO "C11"]
[NIC "FR.04"]
[Time "15:06:37"]
[TimeControl "180+0"]

1. e4 e6 2. d4 d5 3. Nc3 Nf6 4. e5 Nfd7 5. f4 c5 6. Nf3 Nc6 7. Be3 Qb6 8.
Na4 Qa5+ 9. c3 cxd4 10. b4 Nxb4 11. cxb4 Bxb4+ 12. Bd2 b5 13. Nb2 Bc3 14.
Nxd4 b4 15. Bxc3 bxc3 16. Nb3 Qb4 17. Nd3 Qe7 18. Rc1 O-O 19. Rxc3 Bb7 20.
Ndc5 Nxc5 21. Nxc5 Bc6 22. Be2 Rfc8 23. O-O Rab8 24. Qd2 Ba8 25. Rfc1 Qe8
26. h3 Qc6 27. Qd4 Qb6 28. Nb3 Qb7 29. Rxc8+ Rxc8 30. Rxc8+ Qxc8 31. Qc5 Qb8
32. Qd6 Qxd6 33. exd6 Kf8 34. Nc5 Bc6 35. a4 f6 36. Bb5 Ba8 37. Nxe6+ Kf7
38. d7 Kxe6 39. d8=Q Bb7 40. Qe8+ Kf5 41. Qd7+ Kg6 42. Qxb7 d4 43. Qe4+ Kh6
44. f5 a6 45. Qh4# {Black checkmated} 1-0

[Event "ICCopen2017"]
[Site "Internet Chess Club"]
[Date "2017.03.25"]
[Round "6"]
[White "sloeber84"]
[Black "flinkfinger"]
[Result "0-1"]
[ICCResult "White checkmated"]
[WhiteElo "1922"]
[BlackElo "2187"]
[Opening "Sicilian: Smith-Morra gambit"]
[ECO "B21"]
[NIC "SI.47"]
[Time "15:05:13"]
[TimeControl "180+0"]

1. e4 c5 2. d4 cxd4 3. c3 Nf6 4. e5 Nd5 5. Nf3 e6 6. cxd4 d6 7. Nc3 Nxc3 8.
bxc3 Qc7 9. Bd2 Nd7 10. Bd3 dxe5 11. O-O Be7 12. Re1 O-O 13. Nxe5 Nxe5 14.
Rxe5 g6 15. Bh6 Rd8 16. Re3 Bf6 17. Rc1 Bd7 18. Qf3 Bh8 19. Bg5 Re8 20. Bf4
Qc8 21. Qg3 Bc6 22. Qh4 Qd8 23. Bg5 Qd5 24. Be4 Qxa2 25. Bxc6 bxc6 26. Rh3
h5 27. g4 Qe2 28. gxh5 Qxh5 29. Qg3 Qe2 30. Rxh8+ Kxh8 31. Bf6+ Kg8 32. Be5
Qh5 33. Qf4 Qf5 34. Qh6 f6 35. Bg3 Qg5 36. Qh3 Qxc1+ 37. Kg2 Qg5 38. f4 Qf5
39. Qh6 Rab8 40. Bf2 Rb2 41. Qh4 Reb8 42. d5 Qxd5+ 43. Kh3 Qf3+ 44. Bg3 Qh5
45. Qxh5 gxh5 46. c4 Kf7 47. c5 R8b3 48. f5 Rxg3+ 49. Kh4 exf5 50. hxg3 a5
51. g4 a4 52. gxf5 a3 53. Kh3 a2 54. Kg3 a1=Q 55. Kf4 Qa4+ 56. Kf3 Rb3+ 57.
Ke2 Qa2+ 58. Kd1 Rb1# {White checkmated} 0-1

[Event "ICCopen2017"]
[Site "Internet Chess Club"]
[Date "2017.03.25"]
[Round "6"]
[White "GOODZYLLA"]
[Black "marjose"]
[Result "0-1"]
[ICCResult "White forfeits on time"]
[WhiteElo "1640"]
[BlackElo "1774"]
[Opening "Dutch"]
[ECO "A80"]
[NIC "HD.12"]
[Time "15:05:42"]
[TimeControl "180+0"]

1. d4 f5 2. Nf3 e6 3. g3 Nf6 4. Bg2 d5 5. O-O c6 6. Nbd2 Bd6 7. Ne5 Nbd7 8.
Ndf3 Qe7 9. a4 a5 10. c4 O-O 11. Bg5 Qe8 12. Nxd7 Bxd7 13. Ne5 Bxe5 14. dxe5
Ne4 15. Be3 Qe7 16. cxd5 exd5 17. f4 Be6 18. Bxe4 fxe4 19. Qc2 g6 20. Bc5
Qd7 21. Bxf8 Rxf8 22. e3 Bh3 23. Rf2 Bg4 24. Rc1 Bf3 25. Qc5 g5 26. Qd6 Qxd6
27. exd6 Rd8 28. fxg5 Rxd6 29. h4 b6 30. Rfc2 c5 31. Rd2 d4 32. exd4 cxd4
33. Rc7 e3 34. Rdc2 d3 35. Rc8+ Kg7 36. R2c7+ Kg6 37. Rg8+ Kh5 38. Rxh7+ Kg4
39. Rf8 d2 40. Rf4+ Kh3 {White forfeits on time} 0-1

[Event "ICCopen2017"]
[Site "Internet Chess Club"]
[Date "2017.03.25"]
[Round "6"]
[White "Mercury"]
[Black "zandoli"]
[Result "1-0"]
[ICCResult "Black forfeits on time"]
[WhiteElo "2142"]
[BlackElo "1929"]
[Opening "French: Tarrasch, open variation, main line"]
[ECO "C09"]
[NIC "FR.22"]
[Time "15:05:17"]
[TimeControl "180+0"]

1. e4 e6 2. d4 c5 3. Nd2 d5 4. Ngf3 Nc6 5. exd5 exd5 6. Bb5 Bd6 7. O-O Ne7
8. dxc5 Bxc5 9. Nb3 Bb6 10. Re1 O-O 11. Be3 Bg4 12. h3 Bh5 13. Bxb6 Qxb6 14.
Bxc6 Nxc6 15. Qxd5 Bg6 16. c3 Rad8 17. Qc5 Qa6 18. Nbd4 Nxd4 19. Nxd4 Rfe8
20. Qb5 Qxb5 21. Nxb5 a6 22. Nd4 Kf8 23. f4 Be4 24. Kf2 g6 25. g4 Bd5 26. a3
Kg7 27. h4 h6 28. Rxe8 Rxe8 29. Re1 Rxe1 30. Kxe1 Kf6 31. Kf2 Ke7 32. Ke3
Kd6 33. b4 Bc4 34. Nf3 f6 35. g5 fxg5 36. fxg5 h5 37. Kd4 Be6 38. Ne5 Bf5
39. Nf7+ Kc6 40. Ne5+ Kb5 41. c4+ Ka4 42. c5 Kxa3 43. Kc3 Ka4 44. Nc4 Be6
45. Nd6 Bd5 46. Nc8 Kb5 47. Na7+ {Black forfeits on time} 1-0

[Event "ICCopen2017"]
[Site "Internet Chess Club"]
[Date "2017.03.25"]
[Round "6"]
[White "nadalthegreat"]
[Black "toll"]
[Result "1-0"]
[ICCResult "Black resigns"]
[WhiteElo "2009"]
[BlackElo "1672"]
[Opening "Queen's gambit declined"]
[ECO "D35"]
[NIC "QP.08"]
[Time "15:05:30"]
[TimeControl "180+0"]

1. d4 d5 2. c4 e6 3. cxd5 exd5 4. Nc3 Nf6 5. Nf3 Bf5 6. g3 c6 7. Bg2 h6 8.
O-O Bd6 9. Nh4 Be6 10. e4 dxe4 11. Nxe4 Nxe4 12. Bxe4 Nd7 13. Bf5 O-O 14.
Bxe6 fxe6 15. Qg4 Qf6 16. Ng6 Rf7 17. Bf4 e5 18. dxe5 Nxe5 19. Nxe5 Bxe5 20.
Bxe5 Qxe5 21. b3 Raf8 22. Rae1 Qc5 23. Re2 a5 24. Qc4 Qxc4 25. bxc4 Rf3 26.
Rb1 R8f7 27. Rbb2 a4 28. Re8+ Kh7 29. Rb8 a3 30. Rc2 Kg6 31. Re8 Kf5 32. Kg2
Kg6 33. Re4 c5 34. Re5 R7f5 35. Rxf5 Rxf5 36. Rc3 Re5 37. Rxa3 Re2 38. Rb3
Rxa2 39. Rxb7 Ra4 40. Rb6+ Kf7 41. Rb7+ Kg6 42. Rb6+ Kf7 43. Rc6 Rxc4 44.
Kf3 Rc1 45. Ke3 c4 46. Kd2 Rf1 47. Ke2 Rh1 48. Rxc4 Rxh2 49. Rf4+ Kg6 50.
Kf3 Kg5 51. Rf8 Kg6 52. g4 h5 53. Kg3 h4+ 54. Kxh2 {Black resigns} 1-0

[Event "ICCopen2017"]
[Site "Internet Chess Club"]
[Date "2017.03.25"]
[Round "6"]
[White "TrendFriend"]
[Black "bss2005"]
[Result "1-0"]
[ICCResult "Black forfeits on time"]
[WhiteElo "2354"]
[BlackElo "1780"]
[Opening "Ruy Lopez: closed, center attack"]
[ECO "C84"]
[NIC "RL.15"]
[Time "15:05:12"]
[TimeControl "180+0"]

1. e4 e5 2. Nf3 Nc6 3. Bb5 a6 4. Ba4 Nf6 5. O-O Be7 6. d4 b5 7. dxe5 Nxe4 8.
Bb3 O-O 9. Re1 Nc5 10. Bd5 Bb7 11. Bf4 Ne6 12. Bg3 Rb8 13. Nc3 Nb4 14. Bxb7
Rxb7 15. h3 d6 16. a3 Nc6 17. exd6 Bxd6 18. Bxd6 Qxd6 19. Qxd6 cxd6 20. Rad1
Rd8 21. Nd5 Rbd7 22. Rd2 Ne5 23. Red1 Nc4 24. Re2 Nxb2 25. Ra1 Nc4 26. a4 h6
27. c3 Rb7 28. axb5 axb5 29. Nb4 d5 30. Rd1 Nb6 31. Red2 Rc7 32. Nxd5 Rcd7
33. Nxb6 Rxd2 34. Rxd2 Rxd2 35. Nxd2 Nc5 36. Nd5 Na4 37. Nb1 f6 38. Kf1 Kf7
39. Ke2 Ke6 40. Nc7+ Kd6 41. Nxb5+ Kc5 42. N5a3 Nb6 43. Kd3 Nd5 44. g3 Ne7
45. Nd2 Nf5 46. Ne4+ Kc6 47. Nc4 Ne7 48. Ne3 Nc8 49. c4 Nb6 50. Nf5 g6 51.
Nxh6 f5 52. Ng5 Nd7 53. Nhf7 Nf6 54. Ne5+ Kd6 55. f4 Ne8 56. Ngf7+ Ke6 57.
Ng5+ Kd6 58. Nxg6 Nf6 59. Nf7+ Ke6 60. Nfe5 Kd6 61. Nh4 Ne4 62. Nxf5+ Ke6
63. Kxe4 {Black forfeits on time} 1-0

[Event "ICCopen2017"]
[Site "Internet Chess Club"]
[Date "2017.03.25"]
[Round "6"]
[White "TerryR"]
[Black "ural"]
[Result "1-0"]
[ICCResult "Black resigns"]
[WhiteElo "2283"]
[BlackElo "2389"]
[Opening "Queen's pawn game, Chigorin variation"]
[ECO "D02"]
[NIC "QP.08"]
[Time "15:05:59"]
[TimeControl "180+0"]

1. d4 d5 2. Nf3 Nc6 3. Bf4 Bg4 4. e3 e6 5. a3 Bd6 6. Bg3 f5 7. c4 Qf6 8.
Bxd6 cxd6 9. cxd5 exd5 10. Nc3 Nge7 11. Qb3 Bxf3 12. gxf3 Qe6 13. O-O-O O-O
14. Kb1 Na5 15. Qa4 b6 16. Ba6 f4 17. e4 dxe4 18. fxe4 d5 19. Rhe1 dxe4 20.
Rxe4 Qg6 21. Bd3 Qg5 22. Re5 Qh4 23. Qb5 Ng6 24. Rh5 Qxf2 25. Bxg6 h6 26.
Qd5+ Kh8 27. Qe5 Kg8 28. Qe6+ Kh8 29. Qe7 Kg8 30. Rxh6 Rf6 31. Bh7+ Kh8 32.
Rxf6 Kxh7 33. Qe4+ Kh8 34. Qxa8+ Kh7 35. Qe4+ Kg8 36. Rxf4 Qxh2 37. Rdf1
{Black resigns}
1-0

[Event "ICCopen2017"]
[Site "Internet Chess Club"]
[Date "2017.03.25"]
[Round "6"]
[White "chesslive"]
[Black "bumbleball"]
[Result "0-1"]
[ICCResult "White resigns"]
[WhiteElo "1083"]
[BlackElo "1654"]
[Opening "Scandinavian (center counter) defense"]
[ECO "B01"]
[NIC "VO.17"]
[Time "15:06:31"]
[TimeControl "180+0"]

1. e4 d5 2. e5 c5 3. c3 Nc6 4. d4 cxd4 5. cxd4 e6 6. Nf3 Qb6 7. Nc3 Bd7 8.
Be2 Rc8 9. O-O Nh6 10. h3 Nf5 11. Re1 Nfxd4 12. Nxd5 exd5 13. Be3 Nxe2+ 14.
Qxe2 Bc5 15. Bxc5 Qxc5 16. e6 Bxe6 17. Ng5 O-O 18. Nxe6 fxe6 19. Qxe6+ Kh8
20. Rac1 Qxf2+ 21. Kh1 d4 22. Rf1 Qe3 23. Rxf8+ Rxf8 24. Rg1 Qxe6
{White resigns}
0-1

[Event "ICCopen2017"]
[Site "Internet Chess Club"]
[Date "2017.03.25"]
[Round "6"]
[White "fearlessone"]
[Black "Dodgy"]
[Result "0-1"]
[ICCResult "White forfeits on time"]
[WhiteElo "1675"]
[BlackElo "1985"]
[Opening "Van't Kruijs opening"]
[ECO "A00"]
[Time "15:06:06"]
[TimeControl "180+0"]

1. e3 e5 2. Ne2 Nf6 3. d3 d5 4. Nd2 c5 5. g3 Nc6 6. Bg2 Be7 7. O-O Be6 8. b3
Qd7 9. Bb2 Bh3 10. Nf3 Bd6 11. a3 h5 12. Ng5 Bxg2 13. Kxg2 h4 14. Ng1 Qf5
15. N5h3 O-O-O 16. Qf3 Qe6 17. Rae1 e4 18. Qe2 hxg3 19. fxg3 Ng4 20. Bxg7
Rh7 21. Bb2 Rg8 22. dxe4 dxe4 23. Rd1 Nxh2 24. Rf6 Rxg3+ 25. Kf2 Ng4+ 26.
Qxg4 Qxg4 27. Rfxd6 Rg2+ 28. Kf1 Rxh3 {White forfeits on time} 0-1

[Event "ICCopen2017"]
[Site "Internet Chess Club"]
[Date "2017.03.25"]
[Round "6"]
[White "evorg"]
[Black "yachikoham"]
[Result "1-0"]
[ICCResult "Black forfeits on time"]
[WhiteElo "1515"]
[BlackElo "1322"]
[Opening "Robatsch (modern) defense"]
[ECO "B06"]
[NIC "KF.05"]
[Time "15:05:36"]
[TimeControl "180+0"]

1. e4 g6 2. d4 Bg7 3. e5 d6 4. f4 Nh6 5. Bd3 O-O 6. Nf3 Bg4 7. Be3 c5 8. c3
cxd4 9. cxd4 Nc6 10. a3 dxe5 11. fxe5 Bxf3 12. Qxf3 Nxe5 13. dxe5 Qxd3 14.
Bf4 Qxf3 15. gxf3 Nf5 16. Nc3 Rad8 17. Rd1 Rxd1+ 18. Kxd1 Rd8+ 19. Kc1 a6
20. Rd1 Rxd1+ 21. Kxd1 Nd4 22. Nd5 e6 23. Ne7+ Kf8 24. Nc8 Nxf3 25. Nd6 b5
26. b3 Bxe5 27. Bxe5 Nxe5 28. Nb7 Ke7 29. Nc5 a5 30. Nb7 Nf3 31. Nxa5 Nxh2
32. Nc6+ Kd6 33. Nd4 f5 34. Nxb5+ Kc5 35. Nc3 e5 36. b4+ Kc6 37. a4 Nf3 38.
b5+ Kb6 39. Nd5+ Ka5 40. b6 Nd4 41. b7 Nc6 42. Ne7 Nb8 43. Nc8 Ka6 44. Nd6
e4 45. Kd2 h5 46. Ke3 h4 47. Kf4 {Black forfeits on time} 1-0

[Event "ICCopen2017"]
[Site "Internet Chess Club"]
[Date "2017.03.25"]
[Round "6"]
[White "egya"]
[Black "ConradoSalazar"]
[Result "1-0"]
[ICCResult "Black forfeits on time"]
[WhiteElo "1792"]
[BlackElo "1332"]
[Opening "Nimzovich-Larsen attack: Indian variation"]
[ECO "A01"]
[NIC "VO.08"]
[Time "15:05:40"]
[TimeControl "180+0"]

1. b3 Nf6 2. Bb2 g6 3. c4 Bg7 4. Nc3 O-O 5. e3 e5 6. Nf3 d6 7. a3 Bg4 8. h3
Bxf3 9. Qxf3 Nc6 10. b4 e4 11. Nxe4 Ne5 12. Bxe5 dxe5 13. Nxf6+ Bxf6 14.
Qxb7 e4 15. Rd1 a5 16. Qxe4 axb4 17. axb4 Ra2 18. d4 Qb8 19. b5 Qb6 20. Bd3
Qa5+ 21. Kf1 Qc3 22. g3 Qb2 23. Qf3 c5 24. d5 Ra1 25. Rxa1 Qxa1+ 26. Kg2 Qc3
27. Be2 h5 28. h4 Re8 29. b6 {Black forfeits on time} 1-0

[Event "ICCopen2017"]
[Site "Internet Chess Club"]
[Date "2017.03.25"]
[Round "6"]
[White "LouiseErdrich"]
[Black "herbyeddy"]
[Result "0-1"]
[ICCResult "White forfeits on time"]
[WhiteElo "1116"]
[BlackElo "1490"]
[Opening "Scandinavian (center counter) defense"]
[ECO "B01"]
[NIC "VO.17"]
[Time "15:05:39"]
[TimeControl "180+0"]

1. e4 d5 2. exd5 Qxd5 3. Nf3 Nf6 4. d4 Bg4 5. Be2 Nc6 6. c3 O-O-O 7. O-O e5
8. h3 Bh5 9. c4 Qd6 10. d5 Bxf3 11. Bxf3 Nd4 12. Be3 Nxf3+ 13. Qxf3 e4 14.
Qf5+ Kb8 15. Nc3 a6 16. a3 g6 17. Qg5 h6 18. Qf4 Qxf4 19. Bxf4 Bd6 20. Be3
g5 21. b4 Be5 22. Rac1 Bxc3 23. Rxc3 Nh5 24. g4 Nf4 25. Bxf4 gxf4 26. Re1
Rhe8 27. Kg2 Re5 28. f3 exf3+ 29. Kf2 Rxe1 30. Kxe1 Re8+ 31. Kf2 Re4 32.
Kxf3 Rd4 33. h4 f6 34. h5 c6 35. dxc6 bxc6 36. a4 Kc7 37. b5 Kb6 38. c5+ Kb7
39. b6 Rxa4 40. Rc2 Ra5 41. Kxf4 Rb5 42. Kf5 Rb4 {White forfeits on time}
0-1